 Dungeon Crawl Stone Soup version 0.28-a0-863-g8cecda6153 (webtiles) character file.

Game seed: 9271904703484499538

304915 blank1 the Slayer (level 20, -20/204 (206) HPs)
             Began as a Minotaur Fighter on Nov 18, 2021.
             Was the Champion of Okawaru.
             Killed from afar by a tengu reaver (51 damage)
             ... with a bolt of acid
             ... on level 2 of the Depths.
             The game lasted 01:44:25 (46580 turns).

blank1 the Slayer (Minotaur Fighter)               Turns: 46580, Time: 01:44:26

HP:   -20/204 (206) AC: 34    Str: 26    XL:     20   Next: 27%
MP:   51/51         EV: 15    Int:  5    God:    Okawaru [******]
Gold: 2360          SH: 23    Dex: 22    Spells: 39/39 levels left

rFire   + + +      SeeInvis .   J - +7 eveningstar of Fujeffi {drain, rC+ Will+ MP+9}
rCold   + + +      Faith    .   X - +2 kite shield
rNeg    . . .      Spirit   .   R - +1 gold dragon scales "Qoipsuer" {rPois rF+ rC+ Will+ Dex+2}
rPois   +          Reflect  +   L - +1 hat
rElec   .          Harm     .   H - +2 cloak {Will+}
rCorr   .          Rampage  .   K - +2 pair of gloves {archery}
Will    ++++.                   h - +0 pair of boots
Stlth   ..........              C - amulet of reflection
HPRegen 0.44/turn               A - ring "Qosonnui" {rPois rC+ MP+9 Slay+4}
MPRegen 0.32/turn               P - ring "Douts" {rPois rF+++ rC+ Dex+6 Slay-2}

@: studying 3 skills, lightly drained
A: horns 2, retaliatory headbutt
}: 2/15 runes: barnacled, gossamer
a: Renounce Religion, Heroism, Finesse, Duel


You were on level 2 of the Depths.
You worshipped Okawaru.
Okawaru was exalted by your worship.
You visited 8 branches of the dungeon, and saw 36 of its levels.
You also visited: Ice Cave.

You collected 3920 gold pieces.
You spent 1560 gold pieces at shops.

Inventory:

Hand Weapons
 g - the +7 morningstar of Axieny {flame, rElec rC+}
   (Okawaru gifted it to you on level 5 of the Lair of Beasts)

   It burns those it strikes, dealing additional fire damage.
   rC:        It protects you from cold.
   rElec:     It insulates you from electricity.
 J - the +7 eveningstar of Fujeffi (weapon) {drain, rC+ Will+ MP+9}
   (Okawaru gifted it to you on level 11 of the Dungeon)

   A truly terrible weapon, it drains the life of any living foe it strikes.
   rC:        It protects you from cold.
   MP:        It affects your magic capacity (+9).
   Will:      It increases your willpower.
 T - a +7 eveningstar of holy wrath
Missiles
 F - 8 throwing nets (quivered)
Armour
 h - a +0 pair of boots (worn)
 H - a +2 cloak of willpower (worn)
 K - a +2 pair of gloves of archery (worn)
 L - a +1 hat (worn)
 R - the +1 gold dragon scales "Qoipsuer" (worn) {rPois rF+ rC+ Will+ Dex+2}
   (Okawaru gifted it to you on level 15 of the Dungeon)

   Dex:       It affects your dexterity (+2).
   rF:        It protects you from fire.
   rC:        It protects you from cold.
   rPois:     It protects you from poison.
   Will:      It increases your willpower.
 X - a +2 kite shield (worn)
Jewellery
 l - a ring of see invisible
 u - a ring of resist corrosion
 A - the ring "Qosonnui" (left hand) {rPois rC+ MP+9 Slay+4}
   (You acquired it on level 6 of the Dungeon)

   [ring of magical power]

   Slay:      It affects your accuracy & damage with ranged weapons and melee
   (+4).
   rC:        It protects you from cold.
   rPois:     It protects you from poison.
   MP:        It affects your magic capacity (+9).
 C - an amulet of reflection (around neck)
 P - the ring "Douts" (right hand) {rPois rF+++ rC+ Dex+6 Slay-2}
   (You found it on level 1 of the Depths)

   [ring of dexterity]

   Dex:       It affects your dexterity (+6).
   Slay:      It affects your accuracy & damage with ranged weapons and melee
   (-2).
   rF:        It renders you almost immune to fire.
   rC:        It protects you from cold.
   rPois:     It protects you from poison.
Wands
 b - a wand of polymorph (16)
 c - a wand of flame (94)
 t - a wand of iceblast (47)
 v - a wand of acid (35)
 B - a wand of digging (4)
 G - a wand of paralysis (21)
Scrolls
 a - 2 scrolls of silence
 f - 15 scrolls of teleportation
 i - 5 scrolls of fear
 j - 8 scrolls of magic mapping
 n - 6 scrolls of enchant armour
 o - 8 scrolls of amnesia
 w - 3 scrolls of immolation
 x - 24 scrolls of identify
 y - 4 scrolls of fog
 D - a scroll of acquirement
 M - a scroll of brand weapon
 O - 5 scrolls of enchant weapon
 Q - a scroll of blinking
Potions
 d - 3 potions of heal wounds
 e - 4 potions of magic
 k - 3 potions of cancellation
 m - 3 potions of berserk rage
 p - 7 potions of attraction
 q - 9 potions of flight
 r - 2 potions of resistance
 s - 7 potions of curing
 z - 4 potions of might
 E - 3 potions of brilliance
 I - 7 potions of lignification
 N - 4 potions of mutation
 S - 3 potions of haste
 U - 3 potions of invisibility
 W - 2 potions of ambrosia


   Skills:
 + Level 24.0 Fighting
 - Level 17.0 Maces & Flails
 - Level 20.0 Armour
 - Level 15.0 Dodging
 - Level 17.0 Shields
 - Level 10.0 Spellcasting
 + Level 5.2 Conjurations
 - Level 8.0 Invocations


You had 39 spell levels left.
You didn't know any spells.
Your spell library contained the following spells:

 Spells                   Type           Power      Damage    Failure   Level
 Foxfire                  Conj/Fire      20%        2x1d5     65%         1
 Static Discharge         Conj/Air       5%         N/A       80%         2
 Apportation              Tloc           4%         N/A       95%         1
 Beastly Appendage        Tmut           4%         N/A       95%         1
 Pain                     Necr           8%         1d4       95%         1
 Sandblast                Erth           4%         2d4       95%         1
 Conjure Flame            Conj/Fire      5%         6-21      95%         3
 Dazzling Flash           Conj/Hex       10%        N/A       95%         3
 Stone Arrow              Conj/Erth      10%        3d7       95%         3
 Blink                    Tloc           4%         N/A       98%         2
 Corpse Rot               Necr/Air       4%         N/A       98%         2
 Ensorcelled Hibernation  Hex/Ice        4%         N/A       98%         2
 Passwall                 Tmut/Erth      1%         N/A       98%         2
 Scorch                   Fire           4%         2d5       98%         2
 Sublimation of Blood     Necr           2%         N/A       98%         2
 Inner Flame              Hex/Fire       2%         N/A       100%        3
 Lesser Beckoning         Tloc           2%         N/A       100%        3
 Portal Projectile        Hex/Tloc       4%         N/A       100%        3
 Spider Form              Tmut/Pois      2%         N/A       100%        3
 Vampiric Draining        Necr           2%         2d6       100%        3
 Cause Fear               Hex            1%         N/A       100%        4
 Dispel Undead            Necr           2%         3d7       100%        4
 Flame Wave               Conj/Fire      5%         3d4       100%        4
 Hailstorm                Conj/Ice       5%         3d4       100%        4
 Ice Form                 Ice/Tmut       2%         N/A       100%        4
 Iskenderun's Mystic Bla  Conj/Tloc      5%         2d3       100%        4
 Leda's Liquefaction      Hex/Erth       1%         N/A       100%        4
 Petrify                  Tmut/Erth      2%         N/A       100%        4
 Sticky Flame             Conj/Fire      5%         2d3       100%        4
 Agony                    Necr           2%         N/A       100%        5
 Blade Hands              Tmut           1%         N/A       100%        5
 Excruciating Wounds      Necr           1%         N/A       100%        5
 Fireball                 Conj/Fire      2%         3d4       100%        5
 Irradiate                Conj/Tmut      2%         3d14      100%        5
 Iskenderun's Battlesphe  Conj           7%         2d6       100%        5
 Lee's Rapid Deconstruct  Erth           1%         3d5*      100%        5
 Manifold Assault         Tloc           2%         N/A       100%        5
 Conjure Ball Lightning   Conj/Air       2%         3x3d6     100%        6
 Iron Shot                Conj/Erth      2%         9d2       100%        6
 Starburst                Conj/Fire      2%         6d3       100%        6
 Statue Form              Tmut/Erth      1%         N/A       100%        6
 Dragon Form              Tmut           1%         N/A       100%        7
 Orb of Destruction       Conj           3%         9d1       100%        7
 Storm Form               Tmut/Air       1%         N/A       100%        7
 Discord                  Hex            1%         N/A       100%        8
 Animate Skeleton         Necr           Unusable   N/A       N/A         1
 Summon Small Mammal      Summ           Unusable   N/A       N/A         1
 Call Canine Familiar     Summ           Unusable   N/A       N/A         3
 Tukima's Dance           Hex            Unusable   N/A       N/A         3
 Animate Armour           Summ/Erth      Unusable   N/A       N/A         4
 Death Channel            Necr           Unusable   N/A       N/A         6
 Simulacrum               Ice/Necr       Unusable   N/A       N/A         6
 Summon Cactus Giant      Summ           Unusable   N/A       N/A         6
 Dragon's Call            Summ           Unusable   N/A       N/A         9

Dungeon Overview and Level Annotations

Branches:
Dungeon (15/15)            Temple (1/1) D:6            Lair (6/6) D:10
 Shoals (4/4) Lair:2       Spider (4/4) Lair:4        Slime (0/5) Lair:5
    Orc (2/2) D:12            Elf (2/3) Orc:2        Vaults (0/5) D:14
 Depths (2/4) D:15          IceCv (visited)

Altars:
Ashenzari
Cheibriados
Dithmenos
Elyvilon
Fedhas
Gozag
Hepliaklqana
Kikubaaqudgha
Makhleb
Nemelex Xobeh
Okawaru
Qazlal
Ru
Sif Muna
Trog
Uskayaw
Vehumet
Wu Jian
Xom
Yredelemnul
Zin
The Shining One
Beogh

Shops:
D:4 [*?(   D:6 *   D:11 [   Orc:2 *(:[   Elf:1 =   Shoals:1 (((([
Depths:1 ?*?*

Portals:
Hell: Depths:1 Depths:2
Abyss: Depths:1
Pandemonium: Depths:2
Trove: Elf:1 (give 2 scrolls of acquirement)

Annotations:
D:3 exclusion: oklob plant
D:9 exclusion: orange crystal statue
D:10 1 runed translucent door
D:14 1 runed translucent door, exclusion: orange crystal statue


Innate Abilities, Weirdness & Mutations

You have a pair of horns on your head.
You reflexively headbutt those who attack you in melee.


Message History

Items here: ( )) [[.
There is a huge open gate, spattered with blood here.
You bludgeon the tengu reaver!! Your headbutt misses the tengu reaver.
The tengu reaver is moderately wounded.
You sock the tengu reaver!
The tengu reaver is moderately wounded.
You block the tengu reaver's attack. x2
The tengu reaver completely misses you.
You impale the tengu reaver!! You drain the tengu reaver!
Your headbutt misses the tengu reaver.
The tengu reaver is almost dead.
The tengu reaver hits you with a +3 great sword of holy wrath!!
* * * LOW HITPOINT WARNING * * *
You block the tengu reaver's attack.
The tengu reaver claws you but does no damage.
You feel much better.
The tengu reaver hits you with a +3 great sword of holy wrath!
* * * LOW HITPOINT WARNING * * *
You block the tengu reaver's attack. x2
The tengu reaver points at you and mumbles some strange words.
The bolt of fire hits you. You resist.
* * * LOW HITPOINT WARNING * * *
You feel much better.
You are no longer corroded.
The tengu reaver points at you and mumbles some strange words.
The bolt of fire hits you but does no damage.
The tengu reaver casts a spell at you.
The bolt of fire hits you but does no damage.
Items here: $ ? [ †.
The tengu reaver points at you and mumbles some strange words.
The bolt of poison hits you.
You are poisoned.
You resist.
* * * LOW HITPOINT WARNING * * *
Things that are here:
a +0 dire flail; a +0 dire flail You feel better.
The tengu reaver gestures at you while chanting.
The bolt of acid hits you!!!
You die...

#.....# . #..# ##....## #. ##...
.#.....# #''#######...##.#
.##...[## #........#.Q...#
(.##..''### '....⌠..:')...###'
.#.###''.)### ..........# ''..'
.##.###....[###.........[###.....
...#.##......)#########)'#.......
#..##.##...#.)).@..##÷[.Q...#...#
##<..#.##..##)#..[.'Q)Q.)#.##..##
##..##.###...##...')..[##.[.###.
##......####.....##.....####...
##......#.##############.#....
##....##................''...
###..#...[......8.......#..#
####..................####
###......∩.......###


You could see 2 tengu reavers.

Vanquished Creatures
  Bai Suzhen (D:15)
  A golden dragon (Depths:2)
  Arachne (Spider:4)
  Nikola (Spider:2)
  The ghost of Pooter the Severer, an adept MiBe of Trog (Shoals:2)
  Jorgrun (D:13)
  Rupert (D:14)
  2 liches
  A titan (Depths:2)
  A kraken (Shoals:4)
  A sphinx (Depths:2)
  Polyphemus (Shoals:4)
  Kirke (Lair:6)
  The ghost of Qyadack the Severer, an adept HOFi of Beogh (Spider:4)
  Ilsuiw (Shoals:4)
  3 azure jellies (IceCv)
  A rockslime (IceCv)
  A frost giant (Depths:1)
  Roxanne (Spider:2)
  A balrug (Depths:1)
  An orc warlord (Orc:2)
  3 fire giants
  3 ghost moths (Spider:4)
  A deep elf sorcerer (Elf:1)
  Aizul (Depths:1)
  6 emperor scorpions
  5 spriggan defenders (Depths:2)
  The ghost of Qoqufel the Bludgeoner, a journeyman GrFi of Okawaru (Spider:4)
  The ghost of Quebbil the Bludgeoner, a journeyman GrFi of Okawaru (Spider:4)
  Louise (D:15)
  8 stone giants
  4 vampire knights (Depths:2)
  4 quicksilver oozes (IceCv)
  Azrael (Spider:2)
  A spark wasp (Spider:4)
  2 ettins
  4 merfolk javelineers (Shoals:4)
  4 merfolk impalers
  5 great orbs of eyes
  4 fire dragons
  Erolcha (D:10)
  2 rakshasas
  4 ice dragons (Depths:2)
  11 hydras
  A ghost crab (Spider:4)
  8 vault guards (D:14)
  4 centaur warriors
  4 merfolk avatars
  2 catoblepae
  7 boulder beetles
  5 merfolk aquamancers (Shoals:4)
  3 spriggan air magi
  An alligator snapping turtle (Shoals:4)
  5 two-headed ogres
  8 death scarabs (Spider:4)
  A deep troll shaman (Depths:2)
  A satyr (Shoals:2)
  5 deep troll earth magi
  An orc high priest (Orc:2)
  18 dancing weapons
  17 death yaks
  3 spriggan berserkers (Depths:2)
  6 spriggans (Depths:2)
  A sun demon (Depths:1)
  Nergalle (Orc:2)
  14 deep elf knights
  A fire crab (shapeshifter) (D:14)
  A fire crab (Lair:6)
  An iron troll (D:15)
  10 skeletal warriors
  An orange crystal statue (IceCv)
  2 glowing orange brains (Depths:2)
  9 sea snakes
  A wizard (Elf:1)
  8 deep trolls
  2 lindwurms (Lair:6)
  10 harpies
  4 spectral wolf spiders (Spider:4)
  22 deep elf zephyrmancers
  5 orc knights
  2 phantasmal warriors (Depths:2)
  Pikel (D:7)
  12 deep elf archers
  An oklob plant (D:10)
  A necromancer (D:15)
  16 ugly things
  22 wolf spiders
  29 deep elf pyromancers
  4 wolf spider zombies
  18 orb spiders
  5 orc sorcerers
  5 cyclopes
  21 fauns
  21 manticores
  3 moths of wrath
  9 merfolk sirens
  11 elephants
  8 black mambas
  8 water nymphs
  A naga mage (D:15)
  A smoke demon (Depths:1)
  3 torpor snails
  2 spectral sea snakes (Shoals:2)
  Maggie (D:9)
  6 cane toads
  3 unseen horrors
  6 rime drakes
  14 demonic crawlers
  6 komodo dragons
  3 kobold demonologists
  4 efreet
  5 very ugly thing simulacra (IceCv)
  3 redback zombies (Spider:4)
  A spectral merfolk (Shoals:2)
  A tengu conjurer (Depths:2)
  6 trolls
  4 entropy weaver simulacra (IceCv)
  6 tyrant leeches (Spider:4)
  30 merfolk
  15 hornets
  10 polar bears
  26 jumping spiders
  4 spectral tarantellas (Spider:4)
  2 tarantella zombies (Spider:4)
  5 wind drakes
  A jumping spider zombie (Spider:4)
  33 slime creatures
  2 raiju (Lair:6)
  24 blink frogs
  4 spectral jumping spiders (Spider:4)
  9 dream sheep
  A spectral manticore (Shoals:2)
  2 meliai zombies
  A centaur simulacrum (D:15)
  9 snapping turtles
  An air elemental (Elf:2)
  2 shadows
  8 water elementals
  5 wraiths
  44 redbacks
  14 tarantellas
  3 hogs
  8 wyverns
  Eustachio (D:5)
  2 vampires
  4 fire elementals
  27 yaks
  A yak (shapeshifter) (D:14)
  5 humans (Lair:6)
  6 basilisks
  11 vampire mosquitoes
  A sea snake simulacrum (Shoals:2)
  7 wargs
  A harpy simulacrum (D:15)
  A spectral snapping turtle (Shoals:2)
  Edmund (D:6)
  2 acid dragons
  An acid dragon (shapeshifter) (Elf:2)
  9 water moccasins
  16 hell hounds
  Duvessa (D:4)
  31 orc warriors
  12 black bears
  An ice beast (Elf:2)
  A sky beast (D:7)
  2 spectral hornets (Spider:4)
  46 wolves
  A necrophage (D:6)
  9 ogres
  3 ugly thing simulacra (IceCv)
  2 boggarts
  14 centaurs
  A lemure (D:7)
  A phantom (D:5)
  5 kobold brigands
  19 bullfrogs
  An earth elemental (Elf:1)
  A wyvern zombie (D:8)
  2 merfolk simulacra (Shoals:2)
  11 scorpions
  Dowan (D:4)
  A vampire bat (Elf:2)
  10 killer bees
  5 howler monkeys
  9 wights
  4 electric eels
  6 centaur zombies
  2 bullfrog zombies
  3 centaur skeletons
  2 hounds
  2 jellies (Lair:5)
  18 orc priests
  Crazy Yiuf (D:5)
  Ijyb (D:5)
  5 hell rats (Lair:6)
  2 iguanas
  18 orc wizards
  3 hound skeletons (D:4)
  8 adders
  6 gnolls
  A shadow imp (D:7)
  8 worms
  3 dart slugs
  54 orcs
  3 bats
  5 endoplasms
  5 giant cockroaches
  11 hobgoblins
  2 jackals (D:2)
  27 kobolds
  2 quokkas
  9 ball pythons
  4 frilled lizards
  9 goblins
  7 rats
  A spectral hobgoblin (Depths:1)
  5 tentacles (Shoals:4)
1353 creatures vanquished.

Vanquished Creatures (others)
  2 deep elf pyromancers
  2 jumping spiders
  A merfolk (Shoals:4)
  A water elemental (Elf:2)
  A redback (Spider:4)
  An orc priest (Orc:2)
  An orc wizard (Orc:2)
  38 fungi
  91 plants
  17 tentacles (Shoals:4)
  3 toadstools (D:4)
158 creatures vanquished.

Grand Total: 1511 creatures vanquished

Notes
Turn   | Place    | Note
-------+----------+-------------------------------------------
     0 | D:1      | blank1 the Minotaur Fighter began the quest for the Orb.
     0 | D:1      | Reached XP level 1. HP: 19/19 MP: 0/0
   169 | D:1      | Reached XP level 2. HP: 23/27 MP: 1/1
   328 | D:1      | Reached skill level 1 in Dodging
   703 | D:2      | Found a faded altar of an unknown god.
   732 | D:2      | Reached XP level 3. HP: 33/33 MP: 2/2
   788 | D:2      | Reached skill level 4 in Fighting
  1248 | D:2      | Reached XP level 4. HP: 20/40 MP: 3/3
  2030 | D:3      | Found a blossoming altar of Fedhas.
  2047 | D:3      | Noticed an oklob plant
  2674 | D:4      | Found Unorof's Assorted Antiques.
  2674 | D:4      | Found Aczeu's Antique Weapon Shop.
  2675 | D:4      | Found Hiucwyap's Armour Shop.
  2680 | D:4      | Noticed a scorpion
  2692 | D:4      | Killed a scorpion
  2693 | D:4      | Reached XP level 5. HP: 41/47 MP: 4/4
  2736 | D:4      | Found Witu's Magic Scroll Shop.
  2743 | D:4      | Reached skill level 5 in Fighting
  2783 | D:4      | Noticed Duvessa
  2783 | D:4      | Noticed Dowan
  2798 | D:4      | Killed Duvessa
  2799 | D:4      | Reached skill level 5 in Maces & Flails
  2799 | D:4      | Reached XP level 6. HP: 22/56 MP: 5/5
  2799 | D:4      | Killed Dowan
  3746 | D:5      | Entered Level 5 of the Dungeon
  3797 | D:5      | Reached skill level 6 in Fighting
  3858 | D:5      | Found a shimmering blue altar of Sif Muna.
  3859 | D:5      | Found a white marble altar of Elyvilon.
  3865 | D:5      | Found a stormy altar of Qazlal.
  3937 | D:5      | Reached XP level 7. HP: 53/64 MP: 6/6
  4181 | D:5      | Found a runed translucent door.
  4182 | D:5      | Noticed Crazy Yiuf
  4199 | D:5      | Noticed Eustachio
  4211 | D:5      | Killed Eustachio
  4212 | D:5      | Reached skill level 7 in Fighting
  4260 | D:5      | Noticed Ijyb
  4270 | D:5      | Killed Ijyb
  4701 | D:5      | Killed Crazy Yiuf
  4779 | D:6      | Found a staircase to the Ecumenical Temple.
  4790 | Temple   | Entered the Ecumenical Temple
  4928 | D:6      | Identified the +3 scale mail of Zasmub {Str+4 Dex+3}
  5008 | D:6      | Reached skill level 5 in Armour
  5099 | D:6      | Reached skill level 8 in Fighting
  5099 | D:6      | Reached XP level 8. HP: 74/74 MP: 7/7
  5139 | D:6      | Noticed Edmund
  5144 | D:6      | Killed Edmund
  5735 | D:6      | Found Usaorul's General Store.
  6143 | D:7      | Noticed Pikel
  6149 | D:7      | Reached skill level 9 in Fighting
  6157 | D:7      | Killed Pikel
  6157 | D:7      | Noticed a troll
  6158 | D:7      | Reached skill level 10 in Fighting
  6158 | D:7      | Reached XP level 9. HP: 80/85 MP: 8/8
  6162 | D:7      | Killed a troll
  6369 | D:7      | Reached skill level 10 in Maces & Flails
  6380 | D:7      | Found an iron altar of Okawaru.
  6390 | D:7      | Became a worshipper of Warmaster Okawaru
  6586 | D:7      | Reached skill level 1 in Invocations
  6769 | D:7      | Noticed a two-headed ogre
  6782 | D:7      | Killed a two-headed ogre
  6944 | D:7      | Reached * piety under Okawaru
  6999 | D:7      | Reached XP level 10. HP: 94/94 MP: 11/11
  7585 | D:8      | Reached skill level 11 in Fighting
  7812 | D:8      | Found a glowing golden altar of the Shining One.
  8489 | D:9      | Reached ** piety under Okawaru
  8565 | D:9      | Noticed a two-headed ogre
  8572 | D:9      | Killed a two-headed ogre
  8573 | D:9      | Reached skill level 12 in Fighting
  9055 | D:9      | Noticed an orange crystal statue
  9055 | D:9      | Noticed Maggie
  9055 | D:9      | Identified the +0 ring mail "Elal" {rF++ Int-5 Slay+2}
  9078 | D:9      | Killed Maggie
  9531 | D:10     | Entered Level 10 of the Dungeon
  9547 | D:10     | Noticed Erolcha
  9555 | D:10     | Killed Erolcha
  9555 | D:10     | Reached *** piety under Okawaru
  9556 | D:10     | Reached skill level 5 in Dodging
  9560 | D:10     | Found a runed translucent door.
  9669 | D:10     | Reached XP level 11. HP: 97/104 MP: 13/13
  9674 | D:10     | Reached skill level 10 in Armour
  9701 | D:10     | Found a runed translucent door.
  9704 | D:10     | Found a runed translucent door.
  9810 | D:10     | Found a staircase to the Lair.
  9811 | D:10     | Noticed an oklob plant
  9826 | D:10     | Killed an oklob plant
  9826 | D:10     | Reached **** piety under Okawaru
 10231 | D:10     | Noticed a two-headed ogre
 10241 | D:10     | Killed a two-headed ogre
 11037 | D:11     | Noticed a deep elf pyromancer
 11058 | D:11     | Killed a deep elf pyromancer
 11058 | D:11     | Reached ***** piety under Okawaru
 11165 | D:11     | Identified the +7 eveningstar of Fujeffi {drain, rC+ Will+
                  | MP+9} (Okawaru gifted it to you on level 11 of the Dungeon)
 11165 | D:11     | Received a gift from Okawaru
 11273 | D:11     | Noticed a skeletal warrior
 11273 | D:11     | Noticed a skeletal warrior
 11274 | D:11     | Noticed a skeletal warrior
 11302 | D:11     | Noticed a purple ugly thing
 11313 | D:11     | Killed a purple ugly thing
 11390 | D:11     | Noticed a two-headed ogre
 11397 | D:11     | Killed a two-headed ogre
 11398 | D:11     | Reached skill level 5 in Shields
 11521 | D:11     | Reached XP level 12. HP: 102/113 MP: 14/14
 11527 | D:11     | Reached skill level 13 in Fighting
 12095 | D:11     | Found Pacu's Antique Armour Shop.
 12296 | D:6      | Bought a scroll of acquirement for 676 gold pieces
 12297 | D:6      | Acquired the ring "Qosonnui" {rPois rC+ MP+9 Slay+4}
 12440 | Lair:1   | Entered Level 1 of the Lair of Beasts
 12676 | Lair:1   | Reached skill level 14 in Fighting
 13509 | Lair:2   | Reached ****** piety under Okawaru
 13527 | Lair:2   | Noticed an eight-headed hydra
 13537 | Lair:2   | Killed an eight-headed hydra
 13548 | Lair:2   | Received a gift from Okawaru
 13590 | Lair:2   | Reached skill level 5 in Invocations
 13852 | Lair:2   | Found a staircase to the Shoals.
 14228 | Lair:3   | Noticed a four-headed hydra
 14231 | Lair:3   | Killed a four-headed hydra
 14427 | Lair:3   | Reached XP level 13. HP: 113/125 MP: 15/15
 14433 | Lair:3   | Reached skill level 15 in Fighting
 14437 | Lair:3   | Reached skill level 10 in Shields
 15239 | Lair:4   | Found a hole to the Spider Nest.
 16713 | Lair:5   | Identified the +7 broad axe "Mefodwi" {speed, rN+ Int-2
                  | Stlth+} (Okawaru gifted it to you on level 5 of the Lair of
                  | Beasts)
 16713 | Lair:5   | Received a gift from Okawaru
 16715 | Lair:5   | Reached skill level 15 in Maces & Flails
 16802 | Lair:5   | Found a staircase to the Slime Pits.
 16874 | Lair:5   | Identified the +7 morningstar of Axieny {flame, rElec rC+}
                  | (Okawaru gifted it to you on level 5 of the Lair of Beasts)
 16874 | Lair:5   | Received a gift from Okawaru
 17476 | Lair:6   | Entered Level 6 of the Lair of Beasts
 17695 | Lair:6   | Reached XP level 14. HP: 103/135 MP: 16/16
 18046 | Lair:6   | Received a gift from Okawaru
 18257 | Lair:6   | Reached skill level 16 in Fighting
 18518 | Lair:6   | Received a gift from Okawaru
 18656 | Lair:6   | Noticed Kirke
 18666 | Lair:6   | Killed Kirke
 19725 | D:12     | Acquired a manual of Spellcasting
 19926 | D:12     | Reached skill level 1 in Spellcasting
 20106 | D:12     | Found a staircase to the Orcish Mines.
 21078 | D:13     | Received a gift from Okawaru
 21269 | D:13     | Received a gift from Okawaru
 21304 | D:13     | Reached XP level 15. HP: 137/144 MP: 18/18
 21307 | D:13     | Reached skill level 15 in Armour
 21365 | D:13     | Noticed Jorgrun
 21378 | D:13     | Killed Jorgrun
 21379 | D:13     | Reached skill level 15 in Shields
 21772 | D:13     | Reached skill level 5 in Spellcasting
 22318 | D:14     | Found a runed translucent door.
 22746 | D:14     | Found a gate to the Vaults.
 22776 | D:14     | Received a gift from Okawaru
 22784 | D:14     | Noticed Rupert
 22792 | D:14     | Killed Rupert
 23153 | D:15     | Entered Level 15 of the Dungeon
 23267 | D:15     | Reached skill level 10 in Dodging
 23425 | D:15     | Noticed Louise
 23438 | D:15     | Killed Louise
 23479 | D:15     | Identified the +1 gold dragon scales "Qoipsuer" {rPois rF+
                  | rC+ Will+ Dex+2} (Okawaru gifted it to you on level 15 of
                  | the Dungeon)
 23479 | D:15     | Received a gift from Okawaru
 23655 | D:15     | Reached skill level 17 in Fighting
 24021 | D:15     | Found a staircase to the Depths.
 24279 | Orc:1    | Entered Level 1 of the Orcish Mines
 24424 | Orc:2    | Entered Level 2 of the Orcish Mines
 24430 | Orc:2    | Reached skill level 18 in Fighting
 24607 | Orc:1    | Reached XP level 16. HP: 157/157 MP: 25/25
 25607 | Orc:2    | Noticed Nergalle
 25840 | Orc:2    | Killed Nergalle
 26242 | Orc:2    | Found Yninulo's Antique Weapon Emporium.
 26308 | Orc:2    | Found Zisy's General Store.
 26436 | Orc:2    | Found Nutuqaf's Antique Armour Emporium.
 26455 | Orc:2    | Found a staircase to the Elven Halls.
 26488 | Orc:2    | Found Huliarphiurr's Book Emporium.
 26511 | Elf:1    | Entered Level 1 of the Elven Halls
 26523 | Elf:1    | Received a gift from Okawaru
 26698 | Elf:1    | Found a portal to a secret trove of treasure.
 26921 | Elf:1    | Found Pulustusch's One-of-a-Kind Rings.
 27273 | Elf:1    | Identified the +6 scale mail "Copaufec" {+Inv}
 27666 | Elf:2    | Received a gift from Okawaru
 28094 | Elf:2    | Identified the ring of the Firefly {Int+6 Dex+4}
 28097 | Elf:2    | Got the Papyrus of Transmigration
 28165 | Elf:2    | Paralysed by an air elemental for 1 turns
 28173 | Elf:2    | Paralysed by an air elemental for 1 turns
 28198 | Elf:2    | Identified the +6 morningstar of Wixuatz {venom, rCorr}
                  | (Okawaru gifted it to you on level 2 of the Elven Halls)
 28198 | Elf:2    | Received a gift from Okawaru
 28905 | Elf:2    | Found a runed translucent gate.
 28905 | Elf:2    | Found a runed translucent gate.
 28905 | Elf:2    | Found a runed translucent gate.
 29194 | Elf:2    | Reached skill level 19 in Fighting
 29217 | Elf:2    | Reached XP level 17. HP: 78/168 MP: 26/26
 29556 | Elf:2    | Received a gift from Okawaru
 30452 | Depths:1 | Entered Level 1 of the Depths
 30460 | Depths:1 | Noticed Bai Suzhen
 30466 | Depths:1 | Reached skill level 20 in Fighting
 30471 | D:15     | Killed Bai Suzhen
 30604 | Depths:1 | Identified the +9 hunting sling of Severance {venom, rPois
                  | Str+4 Int+2}
 30615 | Depths:1 | Found Neumoube's Magic Scroll Shop.
 30653 | Depths:1 | Noticed a lich
 30660 | Depths:1 | Killed a lich
 30666 | Depths:1 | Found a hazy altar of Hepliaklqana.
 30707 | Depths:1 | Received a gift from Okawaru
 31045 | Depths:1 | Noticed Aizul
 31057 | Depths:1 | Killed Aizul
 31071 | Depths:1 | Identified the ring "Douts" {rPois rF+++ rC+ Dex+6 Slay-2}
 31166 | Depths:1 | Found a one-way gate to the infinite horrors of the Abyss.
 31188 | Depths:1 | Found Buuro's General Store.
 31192 | Depths:1 | Found Zymaxzai's Magic Scroll Boutique.
 31193 | Depths:1 | Found Faaxzouss's Assorted Antiques.
 31198 | Depths:1 | Bought a scroll of acquirement for 884 gold pieces
 31331 | Depths:1 | Found a gateway to Hell.
 32059 | Spider:1 | Entered Level 1 of the Spider Nest
 32265 | Spider:1 | Reached skill level 21 in Fighting
 33401 | Spider:2 | Noticed Roxanne
 33452 | Spider:2 | Killed Roxanne
 33516 | Spider:2 | Noticed Nikola
 33537 | Spider:2 | Killed Nikola
 33538 | Spider:2 | Reached skill level 22 in Fighting
 33955 | Spider:2 | Identified the +3 scale mail of the Guilds {rC+ Str+4}
                  | (Okawaru gifted it to you on level 2 of the Spider Nest)
 33955 | Spider:2 | Received a gift from Okawaru
 34362 | Spider:2 | Noticed Azrael
 34372 | Spider:2 | Killed Azrael
 34974 | Spider:3 | Reached XP level 18. HP: 176/184 MP: 27/27
 35616 | Spider:4 | Entered Level 4 of the Spider Nest
 35657 | Spider:4 | Found a runed translucent gate.
 35657 | Spider:4 | Found a runed translucent gate.
 35658 | Spider:4 | Found a runed translucent gate.
 35661 | Spider:4 | Noticed Quebbil's ghost (journeyman GrFi)
 35661 | Spider:4 | Noticed Qoqufel's ghost (journeyman GrFi)
 35661 | Spider:4 | Noticed Qyadack's ghost (adept HOFi)
 35678 | Spider:4 | Killed Qoqufel's ghost
 35694 | Spider:4 | Killed Quebbil's ghost
 35705 | Spider:4 | Killed Qyadack's ghost
 35719 | Spider:4 | Identified the +6 scimitar of Abuse {vorpal, rC+ Dex+4}
 36243 | Spider:4 | Noticed Arachne
 36270 | Spider:4 | Killed Arachne
 36974 | Spider:4 | Received a gift from Okawaru
 37600 | Spider:4 | Got a gossamer rune of Zot
 37976 | Shoals:1 | Entered Level 1 of the Shoals
 38009 | Shoals:1 | Found Usurrur's Armour Emporium.
 38011 | Shoals:1 | Found Zintorie's Antique Weapon Emporium.
 38177 | Shoals:1 | Found Ebrunado's Weapon Boutique.
 38194 | Shoals:1 | Found Ykhef's Weapon Shop.
 38384 | Shoals:1 | Reached skill level 15 in Dodging
 38640 | Shoals:1 | Found Joceam's Antique Weapon Shoppe.
 39121 | Shoals:2 | Found a runed translucent gate.
 39121 | Shoals:2 | Found a runed translucent gate.
 39121 | Shoals:2 | Found a runed translucent gate.
 39122 | Shoals:2 | Noticed Pooter's ghost (adept MiBe)
 39163 | Shoals:2 | Reached XP level 19. HP: 191/191 MP: 28/28
 39445 | Shoals:2 | Killed Pooter's ghost
 39459 | Shoals:2 | Identified the +8 spear of Leovuag {distort, rPois Will+}
                  | (Okawaru gifted it to you on level 2 of the Shoals)
 39459 | Shoals:2 | Received a gift from Okawaru
 40292 | Shoals:4 | Entered Level 4 of the Shoals
 40294 | Shoals:4 | Found a frozen archway.
 40325 | IceCv    | Entered an ice cave
 41008 | IceCv    | Found a viscous altar of Jiyva.
 41114 | IceCv    | Identified the ring of the Tick {rPois Str+4 Dex+3}
 41226 | Shoals:4 | Noticed Ilsuiw
 41261 | Shoals:4 | Killed Ilsuiw
 41284 | Shoals:4 | Received a gift from Okawaru
 41404 | Shoals:4 | Reached skill level 23 in Fighting
 41449 | Shoals:4 | Noticed Polyphemus
 41496 | Shoals:4 | Killed Polyphemus
 42591 | Shoals:4 | Received a gift from Okawaru
 42600 | Shoals:4 | Got a barnacled rune of Zot
 42803 | Shoals:4 | Identified the ring of Attitude {rPois rC+ MP+9 Str-4}
 42929 | Shoals:4 | Found the +10 tower shield of Ignorance {rN+ Int-4}
 44078 | Shoals:4 | Reached skill level 24 in Fighting
 44585 | Depths:2 | Found a one-way gate leading to the halls of Pandemonium.
 44601 | Depths:2 | Reached skill level 1 in Conjurations
 45497 | Depths:2 | Reached XP level 20. HP: 200/206 MP: 31/31
 45531 | Depths:2 | Noticed a golden dragon
 45531 | Depths:2 | Noticed a golden dragon
 46069 | Depths:2 | Received a gift from Okawaru
 46070 | Depths:2 | Reached skill level 5 in Conjurations
 46291 | Depths:2 | Paralysed by a hornet for 2 turns
 46404 | Depths:2 | Killed a golden dragon
 46424 | Depths:2 | Reached skill level 10 in Spellcasting
 46574 | Depths:2 | HP: 2/204 [tengu reaver (25)]
 46580 | Depths:2 | Killed from afar by a tengu reaver

Illustrated notes

Levels and vault maps discovered:
D:1:      dpeg_arrival_houses_and_road, layout_loops_ring, minmay_crystal_water
D:2:      layout_rooms, serial_glass, glass_columns_a, glass_columns_a,
          basic_ecumenical_altar
D:3:      layout_loops_ring, tgw_fedhas
D:4:      layout_basic, grunt_ministairs_14, minmay_shop_grid_forest,
          minmay_gold_behind_fungi, minmay_strange_pillars, uniq_duvessa
D:5:      layout_basic, chequers_temple_overflow_statue_of_worship,
          bh_walls_and_bars, uniq_crazy_yiuf_cottage, uniq_eustachio, uniq_ijyb
D:6:      layout_gridville, minmay_temple_entry_tees, serial_shops,
          kennysheep_mini, uniq_edmund
D:7:      layout_basic, overflow_temple_1_default, uniq_pikel
D:8:      layout_loops_corners, mainiacjoe_overflow_small_starburst
D:9:      layout_loops_cross, minmay_protected_statue, uniq_maggie
D:10:     lemuel_insect_pit, layout_basic, dpeg_oklobed_lair, minmay_st_funbox,
          uniq_erolcha
D:11:     nzn_winding_woodlands_small [nzn_winding_woodlands_5x15_sawtooth,
          nzn_winding_woodlands_center_triple_pond,
          nzn_winding_woodlands_5x15_river_crossing], layout_cave_pools,
          serial_shops, kennysheep_little_box
D:12:     layout_basic, minmay_orc_entry_temple_large
D:13:     layout_loops_ring, uniq_jorgrun
D:14:     layout_roguey, erik_vaults_2, kennysheep_path_1, minivault_27,
          minmay_crystal_box, uniq_rupert
D:15:     grunt_enter_depths_magical_seal, layout_basic, elves_outpost_lemuel,
          uniq_louise
Temple:   compressed_dpeg_circular_temple
Lair:1:   layout_regular_city, grunt_megastairs_5
Lair:2:   layout_gridlike, minmay_shoals_entry_hut, grunt_megastairs_2,
          infiniplex_staircase_pool, serial_bayou_shore_b
Lair:3:   layout_roguey, serial_bayou_shore_b, lemuel_fruit_tree
Lair:4:   layout_layer_cave, nicolae_spider_entry_non_spiders
Lair:5:   layout_cave_pods, minmay_slime_entry_pillars,
          cheibrodos_lair_reptile_den, grunt_megastairs_1
Lair:6:   hangedman_lair_caniforms_friends, layout_regular_city,
          hangedman_lair_in_review, uniq_kirke
Shoals:1: layout_shoals, serial_shops, shop, nicolae_lakefront_shop,
          nicolae_square_shop, shop, shop
Shoals:2: layout_shoals, gammafunk_ghost_necromancy
Shoals:3: layout_shoals
Shoals:4: shoals_end_hangedman, layout_shoals, shoals_ilsuiw_ice,
          portal_ice_cave_entry_pillars_2, uniq_polyphemus
Spider:1: layout_spider_delve
Spider:2: layout_chambers, uniq_nikola, uniq_azrael, uniq_roxanne
Spider:3: layout_spider_delve
Spider:4: floodkiller_spider_rune_tomb, gammafunk_ghost_cemetery,
          nicolae_spider_swamp_cousins, uniq_arachne
Orc:1:    nicolae_orc_accident_1, layout_diamond_mine, nicolae_orc_lava_room
Orc:2:    grunt_orc_cross, layout_diamond_mine
Elf:1:    eino_elf_arrival_shootout, layout_loops_cross,
          nicolae_trove_entry_crossroad, hangedman_elf_disciples,
          nicolae_shop_unique_rings, corexii_leaking_fountain
Elf:2:    elven_hall_of_blades_hangedman_original [mumra_blade_entry_dagger],
          layout_gridlike, hangedman_research_metamorphosis
Depths:1: layout_gridville, lightli_too_deep, abyss_entry, serial_shops, shop,
          nicolae_hepliaklqana_monster_ancestors,
          roderic_lattice_octagonal_star, minmay_shop_star, uniq_bai_suzhen,
          uniq_aizul
Depths:2: grunt_runaround [grunt_runaround_doors_1, grunt_runaround_doors_2,
          grunt_runaround_doors_3, grunt_runaround_doors_4,
          grunt_runaround_loot], pan_entry, hell_entry, serial_shops

Skill      XL: |  1  2  3  4  5  6  7  8  9 10 11 12 13 14 15 16 17 18 19 20 |
---------------+-------------------------------------------------------------+-----
Dodging        | 1 2 3 4 5 7 8 10 12 15 | 15.0
Armour         | 4 5 6 8 9 11 12 14 15 17 20 | 20.0
Shields        | 4 5 9 12 14 15 17 | 17.0
Fighting       | 4 5 6 8 10 12 14 15 16 18 19 22 24 | 24.0
Maces & Flails | 3 4 5 6 7 9 10 12 14 16 17 | 17.0
Invocations    | 3 4 5 6 8 |  8.0
Spellcasting   | 2 7 8 10 | 10.0
Conjurations   | 4 5 |  5.2

Action                   |  1- 3 |  4- 6 |  7- 9 | 10-12 | 13-15 | 16-18 | 19-21 || total
-------------------------+-------+-------+-------+-------+-------+-------+-------++-------
Melee: Flail             |    67 |   121 |    61 |       |       |       |       ||   249
       Headbutt          |    12 |    22 |    42 |   128 |   259 |   412 |   267 ||  1142
       Dire flail        |       |       |    91 |   258 |       |       |       ||   349
       Eveningstar       |       |       |       |   212 |   886 |  1422 |   844 ||  3364
Invok: Heroism           |       |       |       |     3 |     1 |     1 |     2 ||     7
       Finesse           |       |       |       |       |       |     2 |     3 ||     5
  Use: Potion            |       |     1 |       |       |       |       |     7 ||     8
       Scroll            |       |     1 |     8 |    14 |     4 |     3 |     6 ||    36
 Stab: Held in net/web   |       |       |       |       |       |       |     1 ||     1
Armor: Scale mail        |    33 |    23 |    42 |   131 |   193 |       |       ||   422
       Ring mail         |       |    12 |    17 |       |       |       |       ||    29
       Gold dragon scale |       |       |       |       |    40 |   529 |   300 ||   869
Dodge: Dodged            |    48 |    54 |    77 |   197 |   268 |   374 |   236 ||  1254
Block: Buckler           |    13 |    25 |    11 |       |       |       |       ||    49
       Other             |       |       |    11 |    59 |       |       |       ||    70
       Reflection        |       |       |       |    14 |     9 |    93 |    40 ||   156
       Kite shield       |       |       |       |   131 |   663 |  1216 |   826 ||  2836

Table legend: (Time is in decaauts)
 A = Elapsed time spent in this place.
 B = Non-inter-level travel time spent in this place.
 C = Inter-level travel time spent in this place.
 D = Time resting spent in this place.
 E = Time spent auto-exploring this place.
 F = Levels seen in this place.
 G = Mean time per level.
                   A        B        C        D        E       F      G
               +--------+--------+--------+--------+--------+-----+--------+
         Total |  46062 |  43376 |   2686 |   6816 |  27802 |  37 | 1244.9 |
       Dungeon |  17283 |  15923 |   1360 |   2206 |  11287 |  15 | 1152.2 |
        Temple |    129 |     92 |     37 |      0 |     78 |   1 |  129.0 |
          Lair |   7374 |   6870 |    504 |    197 |   5682 |   6 | 1229.0 |
        Shoals |   5582 |   5290 |    292 |   1359 |   2460 |   4 | 1395.5 |
   Spider Nest |   5705 |   5503 |    202 |    550 |   3552 |   4 | 1426.2 |
  Orcish Mines |   2215 |   2084 |    131 |    558 |    986 |   2 | 1107.5 |
   Elven Halls |   3695 |   3559 |    136 |    903 |   1941 |   2 | 1847.5 |
        Depths |   3225 |   3203 |     22 |   1043 |   1337 |   2 | 1612.5 |
      Ice Cave |    848 |    848 |      0 |      0 |    477 |   1 |  848.0 |
               +--------+--------+--------+--------+--------+-----+--------+

Top non-repeatable levels by time:
Shoals:4: 2757 daAuts
   Elf:2: 2257 daAuts
Spider:4: 2184 daAuts
  Lair:6: 2036 daAuts
Spider:2: 1659 daAuts
Depths:1: 1622 daAuts
Depths:2: 1602 daAuts
    D:10: 1468 daAuts
     D:6: 1454 daAuts
   Elf:1: 1438 daAuts
    D:12: 1361 daAuts
  Lair:4: 1315 daAuts
     D:8: 1283 daAuts
    D:11: 1272 daAuts
   Orc:2: 1262 daAuts
